BSA
VISTA PANTHERS @ SO CAL HENVY
08/23/2027
 
TOP OF THE 1ST
Vista Panthers batting - Pitching for So Cal Henvy : RHP Flint Gray
Pitching: RHP Flint Gray
Batting: LHB Bob Cunningham 0-0: Fly out, F8 (Flyball, 8LM)
Batting: LHB Patrick Osborne 0-0: Ball
1-0: Ball
2-0: Fly out, F9 (Flyball, 9S)
Batting: LHB Brent Alonzo 0-0: Ball
1-0: Called Strike
1-1: Ball
2-1: Ground out 4-3 (Groundball, 34)
Top of the 1st over - 0 run(s), 0 hit(s), 0 error(s), 0 left on base; Vista 0 - So Cal 0
BOTTOM OF THE 1ST
So Cal Henvy batting - Pitching for Vista Panthers : RHP Paco Canpos
Pitching: RHP Paco Canpos
Batting: RHB Greg Handrahan 0-0: Ball
1-0: Called Strike
1-1: Ball
2-1: Ball
3-1: Fly out, F9 (Flyball, 9S)
Batting: RHB William Richardson 0-0: Ball
1-0: Foul Ball, location: 2F
1-1: Foul Ball, location: 2F
1-2: TRIPLE (Flyball, 89D)
Batting: LHB César Valentín 0-0: Called Strike
0-1: Ball
1-1: Called Strike
1-2: Ground out 5-3 (Groundball, 56)
William Richardson scores
Batting: RHB Earl Wiggins 0-0: Ball
1-0: Ball
2-0: Ball
3-0: DOUBLE (Line Drive, 89D)
Batting: RHB Rubén Calderón 0-0: Called Strike
0-1: Ball
1-1: Ball
2-1: Called Strike
2-2: Foul Ball, location: 2F
2-2: Fly out, F7 (Flyball, 7D)
Bottom of the 1st over - 1 run(s), 2 hit(s), 0 error(s), 1 left on base; Vista 0 - So Cal 1
TOP OF THE 2ND
Vista Panthers batting - Pitching for So Cal Henvy : RHP Flint Gray
Batting: SHB Mark Wells 0-0: Ball
1-0: Called Strike
1-1: Fly out, F4 (Line Drive, 34)
Batting: RHB Phil Matthews 0-0: Called Strike
0-1: Ball
1-1: Ball
2-1: Ball
3-1: Fly out, F6 (Line Drive, 6M)
Batting: LHB Francisco Marino 0-0: Called Strike
0-1: Called Strike
0-2: Ground out 1-3 (Groundball, 15S)
Top of the 2nd over - 0 run(s), 0 hit(s), 0 error(s), 0 left on base; Vista 0 - So Cal 1
BOTTOM OF THE 2ND
So Cal Henvy batting - Pitching for Vista Panthers : RHP Paco Canpos
Batting: RHB Lawrence Schroeder 0-0: Ball
1-0: Called Strike
1-1: Foul Ball, location: 2F
1-2: Ball
2-2: Ball
3-2: DOUBLE (Line Drive, 78D)
Batting: LHB Doyle Otterburn 0-0: Ball
1-0: Foul Ball, location: 2F
1-1: Swinging Strike
1-2: Strikes out swinging
Batting: RHB Ron Shelton 0-0: Foul Ball, location: 2F
0-1: Ball
1-1: Foul Ball, location: 2F
1-2: Ball
2-2: Strikes out swinging
Batting: RHB Morgan Gibbon 0-0: Swinging Strike
0-1: Ball
1-1: Swinging Strike
1-2: Fly out, F9 (Flyball, 9D)
Bottom of the 2nd over - 0 run(s), 1 hit(s), 0 error(s), 1 left on base; Vista 0 - So Cal 1
TOP OF THE 3RD
Vista Panthers batting - Pitching for So Cal Henvy : RHP Flint Gray
Batting: RHB Justin Burgess 0-0: Ground out 4-3 (Groundball, 4MS)
Batting: RHB Roberto Cruz 0-0: Called Strike
0-1: Ball
1-1: Ball
2-1: Foul Ball, location: 2F
2-2: SINGLE (Flyball, 6MD)
Batting: RHB Cisco Gatán 0-0: Grounds into double play, 6-4-3 (Groundball, 56)
Top of the 3rd over - 0 run(s), 1 hit(s), 0 error(s), 0 left on base; Vista 0 - So Cal 1
BOTTOM OF THE 3RD
So Cal Henvy batting - Pitching for Vista Panthers : RHP Paco Canpos
Batting: RHB Greg Handrahan 0-0: Called Strike
0-1: Bunted foul
0-2: Ball
1-2: Ball
2-2: Ground out 6-3 (Groundball, 56)
Batting: RHB William Richardson 0-0: Foul Ball, location: 2F
0-1: Ball
1-1: Ground out 1-3 (Groundball, P)
Batting: LHB César Valentín 0-0: Ball
1-0: Called Strike
1-1: Ground out 6-3 (Groundball, 6)
Bottom of the 3rd over - 0 run(s), 0 hit(s), 0 error(s), 0 left on base; Vista 0 - So Cal 1
TOP OF THE 4TH
Vista Panthers batting - Pitching for So Cal Henvy : RHP Flint Gray
Batting: LHB Bob Cunningham 0-0: Called Strike
0-1: Foul Ball, location: 2F
0-2: SINGLE (Groundball, 34D)
Batting: LHB Patrick Osborne 0-0: Swinging Strike
0-1: Ball
1-1: Swinging Strike
1-2: Ball
2-2: Fly out, F7 (Flyball, 7LSF)
Batting: LHB Brent Alonzo 0-0: Ball
1-0: Called Strike
1-1: Called Strike
1-2: Strikes out swinging
Batting: SHB Mark Wells 0-0: Ball
1-0: Ball
2-0: Ball
3-0: Called Strike
3-1: SINGLE (Line Drive, 9S)
Bob Cunningham to second
Batting: RHB Phil Matthews 0-0: Ball
1-0: Swinging Strike
1-1: Ball
2-1: SINGLE (Line Drive, 7S)
Bob Cunningham to third
Mark Wells to second
Runner from 3rd tries for Home, SAFE, no throw
Batting: LHB Francisco Marino 0-0: Called Strike
0-1: Ground out 3-1 (Groundball, 34)
Top of the 4th over - 1 run(s), 3 hit(s), 0 error(s), 2 left on base; Vista 1 - So Cal 1
BOTTOM OF THE 4TH
So Cal Henvy batting - Pitching for Vista Panthers : RHP Paco Canpos
Batting: RHB Earl Wiggins 0-0: Ball
1-0: Foul Ball, location: 2F
1-1: Ball
2-1: Ball
3-1: Swinging Strike
3-2: DOUBLE (Line Drive, 7LM)
Batting: RHB Rubén Calderón 0-0: Called Strike
0-1: Ball
1-1: SINGLE (Line Drive, 8RS)
Earl Wiggins to third
Batting: RHB Lawrence Schroeder 0-0: Ball
1-0: Ball
2-0: Called Strike
2-1: Called Strike
2-2: SINGLE (Groundball, 34)
Earl Wiggins scores
Rubén Calderón to second
Runner from 2nd tries for 3rd, SAFE, throw made to third
Batting: LHB Doyle Otterburn 0-0: Ball
1-0: SINGLE (Groundball, 3) (infield hit)
Rubén Calderón scores
Lawrence Schroeder to second
Batting: RHB Ron Shelton 0-0: Ball
1-0: Foul Ball, location: 2F
1-1: DOUBLE (Line Drive, 7LD)
Lawrence Schroeder scores
Doyle Otterburn to third
Batting: RHB Morgan Gibbon 0-0: Called Strike
0-1: Swinging Strike
0-2: Ball
1-2: Reached via error on a dropped throw, E3
Doyle Otterburn scores
Ron Shelton to third
Batting: RHB Greg Handrahan 0-0: Called Strike
0-1: Called Strike
0-2: Foul Ball, location: 2F
0-2: Ball
1-2: Ball
2-2: Foul Ball, location: 2F
2-2: Fly out, F4 (Popup, 4MD)
Batting: RHB William Richardson 0-0: Foul Ball, location: 2F
0-1: Called Strike
0-2: Ball
1-2: Ball
2-2: Fly out, F8 (Flyball, 89S)
Runner from 3rd tags up, SCORES, no throw
Pitching: RHP Doug Singleton
Batting: LHB César Valentín 0-0: Foul Ball, location: 2F
0-1: Fly out, F8 (Flyball, 8LM)
Bottom of the 4th over - 5 run(s), 5 hit(s), 1 error(s), 1 left on base; Vista 1 - So Cal 6
TOP OF THE 5TH
Vista Panthers batting - Pitching for So Cal Henvy : RHP Flint Gray
Batting: RHB Justin Burgess 0-0: Called Strike
0-1: Called Strike
0-2: Foul Ball, location: 2F
0-2: Ground out 6-3 (Groundball, 6)
Batting: RHB Roberto Cruz 0-0: Called Strike
0-1: Ball
1-1: DOUBLE (Flyball, 78D)
Batting: RHB Cisco Gatán 0-0: Ball
1-0: Ball
2-0: Foul Ball, location: 2F
2-1: Called Strike
2-2: Ball
3-2: Fly out, F9 (Line Drive, 9S)
Batting: LHB Bob Cunningham 0-0: Ball
1-0: Called Strike
1-1: Swinging Strike
1-2: Strikes out swinging
Top of the 5th over - 0 run(s), 1 hit(s), 0 error(s), 1 left on base; Vista 1 - So Cal 6
BOTTOM OF THE 5TH
So Cal Henvy batting - Pitching for Vista Panthers : RHP Doug Singleton
Batting: RHB Earl Wiggins 0-0: Called Strike
0-1: Called Strike
0-2: Ground out 4-3 (Groundball, 4M)
Batting: RHB Rubén Calderón 0-0: SINGLE (Flyball, 7S)
Batting: RHB Lawrence Schroeder 0-0: Ball
1-0: Ball
2-0: Ball
3-0: Base on Balls
Rubén Calderón to second
Batting: LHB Doyle Otterburn 0-0: Foul Ball, location: 2F
0-1: Fly out, F4 (Line Drive, 4)
Batting: RHB Ron Shelton 0-0: Foul Ball, location: 2F
0-1: Fly out, F8 (Flyball, 8RM)
Bottom of the 5th over - 0 run(s), 1 hit(s), 0 error(s), 2 left on base; Vista 1 - So Cal 6
TOP OF THE 6TH
Vista Panthers batting - Pitching for So Cal Henvy : RHP Flint Gray
Batting: LHB Patrick Osborne 0-0: Ball
1-0: Foul Ball, location: 2F
1-1: Foul Ball, location: 2F
1-2: Strikes out swinging
Batting: LHB Brent Alonzo 0-0: Swinging Strike
0-1: DOUBLE (Line Drive, 8LD)
Pitching: RHP Yin-zhen Zong
Batting: SHB Mark Wells 0-0: Ball
1-0: Ball
2-0: Ground out 4-3 (Groundball, 4M)
Brent Alonzo to third
Batting: RHB Phil Matthews 0-0: Fly out, F8 (Line Drive, 8LM)
Top of the 6th over - 0 run(s), 1 hit(s), 0 error(s), 1 left on base; Vista 1 - So Cal 6
BOTTOM OF THE 6TH
So Cal Henvy batting - Pitching for Vista Panthers : RHP Doug Singleton
Batting: RHB Morgan Gibbon 0-0: Ball
1-0: Foul Ball, location: 2F
1-1: Swinging Strike
1-2: Foul Ball, location: 2F
1-2: SINGLE (Groundball, 56D)
Batting: RHB Greg Handrahan 0-0: Called Strike
0-1: Called Strike
0-2: Strikes out looking
Batting: RHB William Richardson 0-0: Ball
1-0: Ball
2-0: Swinging Strike
2-1: Ball
3-1: Fly out, F8 (Flyball, 8RD)
Batting: LHB César Valentín 0-0: Foul Ball, location: 2F
0-1: Swinging Strike
0-2: Strikes out swinging
Bottom of the 6th over - 0 run(s), 1 hit(s), 0 error(s), 1 left on base; Vista 1 - So Cal 6
TOP OF THE 7TH
Vista Panthers batting - Pitching for So Cal Henvy : RHP Yin-zhen Zong
Batting: LHB Francisco Marino 0-0: Ball
1-0: Ball
2-0: Called Strike
2-1: Fly out, F9 (Flyball, 89M)
Batting: RHB Justin Burgess 0-0: Called Strike
0-1: Ball
1-1: Ball
2-1: Ball
3-1: Swinging Strike
3-2: Foul Ball, location: 2F
3-2: Strikes out swinging
Batting: RHB Roberto Cruz 0-0: Ball
1-0: Ball
2-0: Called Strike
2-1: Called Strike
2-2: Strikes out swinging
Top of the 7th over - 0 run(s), 0 hit(s), 0 error(s), 0 left on base; Vista 1 - So Cal 6
BOTTOM OF THE 7TH
So Cal Henvy batting - Pitching for Vista Panthers : RHP Doug Singleton
Batting: RHB Earl Wiggins 0-0: Called Strike
0-1: Foul Ball, location: 2F
0-2: Ball
1-2: Fly out, F9 (Flyball, 9)
Batting: RHB Rubén Calderón 0-0: Called Strike
0-1: Foul Ball, location: 2F
0-2: Ball
1-2: Ball
2-2: Foul Ball, location: 2F
2-2: Strikes out swinging
Batting: RHB Lawrence Schroeder 0-0: Fly out, F9 (Flyball, 9LD)
Bottom of the 7th over - 0 run(s), 0 hit(s), 0 error(s), 0 left on base; Vista 1 - So Cal 6
TOP OF THE 8TH
Vista Panthers batting - Pitching for So Cal Henvy : RHP Yin-zhen Zong
Batting: RHB Cisco Gatán 0-0: Ground out 5-3 (Groundball, 5S)
Batting: LHB Bob Cunningham 0-0: SINGLE (Flyball, 8LS)
Batting: LHB Patrick Osborne 0-0: Ball
1-0: Called Strike
1-1: Ball
2-1: Foul Ball, location: 2F
2-2: Fielders Choice at 2nd, 6-4 (Groundball, 6)
Batting: LHB Brent Alonzo 0-0: Fly out, F7 (Flyball, 7S)
Top of the 8th over - 0 run(s), 1 hit(s), 0 error(s), 1 left on base; Vista 1 - So Cal 6
BOTTOM OF THE 8TH
So Cal Henvy batting - Pitching for Vista Panthers : RHP Doug Singleton
Batting: LHB Doyle Otterburn 0-0: Ball
1-0: Ball
2-0: Ball
3-0: Called Strike
3-1: Base on Balls
Batting: RHB Ron Shelton 0-0: Foul Ball, location: 2F
0-1: Ball
1-1: Ball
2-1: Foul Ball, location: 2F
2-2: Foul Ball, location: 2F
2-2: Grounds into double play, 6-4-3 (Groundball, 56)
Pitching: LHP Mario Tobías
Batting: RHB Morgan Gibbon 0-0: Fly out, F9 (Flyball, 9LMF)
Bottom of the 8th over - 0 run(s), 0 hit(s), 0 error(s), 0 left on base; Vista 1 - So Cal 6
TOP OF THE 9TH
Vista Panthers batting - Pitching for So Cal Henvy : RHP Yin-zhen Zong
Now at 1B: Júlio Caraballo
Now in LF: Joaquín González
Batting: SHB Mark Wells 0-0: Foul Ball, location: 2F
0-1: Ground out 5-3 (Groundball, 56)
Batting: RHB Phil Matthews 0-0: Ground out 5-3 (Groundball, 56)
Batting: LHB Francisco Marino 0-0: Swinging Strike
0-1: Ground out 1-3 (Groundball, 15)
Top of the 9th over - 0 run(s), 0 hit(s), 0 error(s), 0 left on base; Vista 1 - So Cal 6
Thursday, March 30th, 2017 - OOTP Baseball 17.12 Build 75